 Dungeon Crawl Stone Soup version 0.27-a0-773-gaaee5cf45b (webtiles) character file.

Game seed: 2423997797483032422

268 11223344 the Cudgeller (level 6, -1/61 HPs)
             Began as a Troll Fighter on Mar 25, 2021.
             Was a Follower of Vehumet.
             Slain by a black bear (11 damage)
             ... on level 4 of the Dungeon.
             The game lasted 00:07:28 (2337 turns).

11223344 the Cudgeller (Troll Fighter)              Turns: 2337, Time: 00:07:29

Health: -1/61      AC:  4    Str: 25    XL:     6   Next: 1%
Magic:  5/5        EV:  8    Int:  4    God:    Vehumet [*.....]
Gold:   76         SH: 10    Dex: 11    Spells: 5/5 levels left

rFire    . . .     SeeInvis .   a - +1 flail
rCold    . . .     Faith    .   c - +1 kite shield
rNeg     . . .     Spirit   .   b - +0 robe
rPois    .         Reflect  .   (helmet restricted)
rElec    .         Harm     .   (no cloak)
rCorr    .         Rampage  .   (gloves unavailable)
Will     .....                  (boots unavailable)
Stlth    +.........             (no amulet)
HPRegen  1.20/turn              (no ring)
MPRegen  0.09/turn              (no ring)

@: mighty
A: large, unfitting armour, claws 3, regeneration 1, shaggy fur 1, tough skin 1
a: Renounce Religion


You were on level 4 of the Dungeon.
You worshipped Vehumet.
Vehumet was aware of your devotion.
You visited 1 branch of the dungeon, and saw 4 of its levels.

You collected 76 gold pieces.

Inventory:

Hand Weapons
 a - a +1 flail (weapon)
Armour
 b - a +0 robe (worn)
 c - a +1 kite shield (worn)
Scrolls
 j - a scroll of identify
Potions
 g - a potion of lignification {unknown}


   Skills:
 + Level 3.2 Fighting
 + Level 3.5 Maces & Flails
 + Level 3.3 Dodging
 + Level 0.4 Stealth
 + Level 3.3 Shields


You had 5 spell levels left.
You didn't know any spells.
Your spell library was empty.

Dungeon Overview and Level Annotations

Branches:
Dungeon (4/15)             Temple (0/1) D:4

Altars:
Makhleb
Vehumet

Shops:
D:2 [[

Annotations:
D:4 Dowan, Duvessa, Eustachio


Innate Abilities, Weirdness & Mutations

You are too large for most types of armour.
You have claws for hands.
Your natural rate of healing is unusually fast.
You are covered in fur. (AC +1)
You have tough skin. (AC +1)


Message History

You thump the black bear!
The black bear is moderately wounded.
The ufetubus barely misses you. You block the ufetubus's attack.
You block the goblin's attack. The black bear closely misses you. x2
The black bear claws you.
Eustachio gestures wildly while chanting.
The ufetubus hits you.
* * * LOW HITPOINT WARNING * * *
The ufetubus barely misses you. The goblin hits you but does no damage.
You feel very mighty all of a sudden. You block the ufetubus's attack.
The ufetubus hits you but does no damage.
Eustachio barely misses you. You block the black bear's attack.
The black bear claws you.
* * * LOW HITPOINT WARNING * * *
The black bear closely misses you.
Dowan laughs at you. "Don't get delusional, you can't win!"
You block the ufetubus's attack. The ufetubus barely misses you.
The goblin hits you but does no damage.
You sock the black bear!
The black bear is severely wounded.
You block the ufetubus's attack.
The ufetubus hits you but does no damage.
The black bear completely misses you. The black bear claws you.
* * * LOW HITPOINT WARNING * * *
The black bear claws you.
* * * LOW HITPOINT WARNING * * *
You block Eustachio's attack.
Dowan smirks and points a slender finger.
The goblin hits you but does no damage. The ufetubus barely misses you.
You block the ufetubus's attack. The orc hits you but does no damage.
Eustachio hits you with a +0 rapier.
* * * LOW HITPOINT WARNING * * *
The black bear goes berserk!
Okay, then.
You closely miss the black bear.
The black bear is severely wounded.
The ufetubus hits you but does no damage.
You block the ufetubus's attack. The black bear bites you!
You die...

......#...# ###
......#..#####...
...........#.#..
...............#
...............#
......?....##Z.# .
####........er## ...
#...†...g5@o#....#
#.......eg@h.....#
##.##.##K##....#..
#.........#...###.
....o...........#..
.K#..⌠...⌠..#.......
...#.........#.......
.#......>.........#..
.#.........#....#.#


You could see Eustachio, Duvessa, a black bear (berserk), Dowan, an orc, an
ufetubus (summoned), a quokka (summoned), 2 goblins, a kobold and an adder
skeleton.

Vanquished Creatures
  2 scorpions
  An iguana (D:3)
  Terence (D:3)
  An orc wizard (D:3)
  2 adders
  A worm (D:3)
  A dart slug (D:1)
  12 orcs
  6 ball pythons
  5 bats
  6 endoplasms
  2 giant cockroaches
  A goblin (D:3)
  3 hobgoblins
  5 jackals
  A quokka (D:3)
  6 frilled lizards
  4 kobolds
  8 rats
68 creatures vanquished.

Notes
Turn   | Place    | Note
-------+----------+-------------------------------------------
     0 | D:1      | 11223344 the Troll Fighter began the quest for the Orb.
     0 | D:1      | Reached XP level 1. HP: 22/22 MP: 0/0
   228 | D:1      | Reached XP level 2. HP: 29/29 MP: 1/1
   689 | D:2      | Found Bynor's Armour Shoppe.
   727 | D:2      | Reached XP level 3. HP: 36/36 MP: 2/2
   766 | D:2      | Found Wosuodyz's Antique Armour Boutique.
   803 | D:2      | Found a radiant altar of Vehumet.
   816 | D:2      | Became a worshipper of Vehumet
  1403 | D:3      | Reached XP level 4. HP: 21/44 MP: 3/3
  1494 | D:3      | Reached XP level 5. HP: 31/53 MP: 4/4
  1496 | D:3      | Reached * piety under Vehumet
  1496 | D:3      | Offered knowledge of Magic Dart by Vehumet.
  1555 | D:3      | Noticed Terence
  1566 | D:3      | Killed Terence
  2214 | D:4      | Noticed Duvessa
  2215 | D:4      | Noticed Dowan
  2218 | D:4      | Noticed Eustachio
  2236 | D:4      | Found a burning altar of Makhleb.
  2292 | D:4      | Reached XP level 6. HP: 37/61 MP: 5/5
  2326 | D:4      | Found a staircase to the Ecumenical Temple.
  2337 | D:4      | Slain by a black bear

Illustrated notes

Levels and vault maps discovered:
D:1:      onia_arrival_mini_spirals, layout_loops_cross,
          minmay_shallow_snake_nest
D:2:      layout_loops_cross, nicolae_vehumet_altar_sigil, serial_shops, shop,
          shop_fountains
D:3:      layout_basic, uniq_terence
D:4:      layout_cave_pools, kennysheep_little_box, old_standard_altar,
          bloody_makhleb, minmay_temple_entry_large_hall, serial_glass,
          glass_columns_a, glass_columns_c, due_unseen_surprise,
          feat_on_display, minmay_strange_pillars, item_on_display_a,
          uniq_eustachio, uniq_duvessa, uniq_natasha

Skill      XL: |  1  2  3  4  5 |
---------------+----------------+-----
Maces & Flails | 2 3 |  3.5
Shields        | 3 |  3.3
Dodging        | 3 |  3.3
Fighting       | 3 |  3.2
Stealth        | |  0.4

Action                   |  1- 3 |  4- 6 || total
-------------------------+-------+-------++-------
Melee: Flail             |   157 |   123 ||   280
  Use: Scroll            |       |     9 ||     9
       Potion            |       |     1 ||     1
 Stab: Sleeping          |     2 |       ||     2
Armor: Robe              |    70 |    52 ||   122
Dodge: Dodged            |    68 |    79 ||   147
Block: Kite shield       |   107 |   121 ||   228

Table legend: (Time is in decaauts)
 A = Elapsed time spent in this place.
 B = Non-inter-level travel time spent in this place.
 C = Inter-level travel time spent in this place.
 D = Time resting spent in this place.
 E = Time spent auto-exploring this place.
 F = Levels seen in this place.
 G = Mean time per level.
                   A        B        C        D        E       F      G
               +--------+--------+--------+--------+--------+-----+--------+
         Total |   2469 |   2434 |     35 |      0 |   1551 |   4 |  617.2 |
       Dungeon |   2469 |   2434 |     35 |      0 |   1551 |   4 |  617.2 |
               +--------+--------+--------+--------+--------+-----+--------+

Top non-repeatable levels by time:
     D:3: 1035 daAuts
     D:1: 681 daAuts
     D:2: 587 daAuts
     D:4: 165 daAuts
